 Dungeon Crawl Stone Soup version 0.30-a0-310-g7d6cbdfea6 (webtiles) character file.

Game seed: 5313330362998142443

6 IdlyInterested the Covered (level 1, -2/14 HPs)
             Began as a Demonspawn Wanderer on Oct 24, 2022.
             Frozen to death by an endoplasm (3 damage)
             ... on level 1 of the Dungeon.
             The game lasted 00:00:47 (86 turns).

IdlyInterested the Covered (Demonspawn Wanderer)      Turns: 86, Time: 00:00:48

Health: -2/14      AC:  5    Str: 14    XL:     1   Next: 75%
Magic:  3/3        EV: 10    Int: 14    God:
Gold:   3          SH:  0    Dex:  9    Spells: 4/4 levels left

rFire   . . .      SeeInvis .    a - +0 club
rCold   . . .      Faith    .    (no shield)
rNeg    . . .      Spirit   .    c - +0 ring mail
rPois   .          Reflect  .    (no helmet)
rElec   .          Harm     .    (no cloak)
rCorr   .          Rampage  .    (no gloves)
Will    .....                    (no boots)
Stlth   ..........               (no amulet)
HPRegen 0.22/turn                (no ring)
MPRegen 0.08/turn                (no ring)

@: no status effects
A: no striking features
a: no special abilities


You were on level 1 of the Dungeon.
You visited 1 branch of the dungeon, and saw 1 of its levels.

You collected 3 gold pieces.

Inventory:

Hand Weapons
 a - a +0 club (weapon)
 d - a +0 dagger
Armour
 c - a +0 ring mail (worn)
Scrolls
 b - a scroll of fog


   Skills:
 + Level 0.4 Fighting
 + Level 2.9 Armour
 - Level 2.0 Spellcasting
 * Level 2.3 Necromancy
 - Level 1.7 Translocations
 - Level 1.0 Evocations


You had 4 spell levels left.
You didn't know any spells.
Your spell library contained the following spells:

 Spells                   Type           Power      Damage    Failure   Level
 Apportation              Tloc           12%        N/A       22%         1
 Sublimation of Blood     Necr           7%         N/A       28%         2
 Kiss of Death            Conj/Necr      16%        2d6       30%         1
 Kindle Blastsparks       Fire/Tloc/Air  6%         2d10      73%         3
 Animate Dead             Necr           7%         N/A       88%         4


Dungeon Overview and Level Annotations

Branches:
Dungeon (1/15)

Altars:


Message History

The bat is severely wounded.
The bat closely misses you. The bat closely misses you.
Found 5 stones.
The bat hits you but does no damage. The bat hits you but does no damage.
You hit the bat but do no damage.
The bat is severely wounded.
The bat barely misses you. The bat misses you.
You barely miss the bat.
The bat is heavily wounded.
The bat closely misses you.
You hit the bat.
You kill the bat!
There is a stone staircase leading down here.
You now have 3 gold pieces.
An endoplasm comes into view.
Found a scroll labelled BECOOWIUSE and a scroll labelled KEKLAM LYCEDUY.
The endoplasm quivers.
You barely miss the endoplasm. The endoplasm freezes you.
You are frozen.
You hit the endoplasm but do no damage. The endoplasm freezes you.
You are frozen.
You hit the endoplasm.
The endoplasm is lightly wounded.
The endoplasm barely misses you. The endoplasm misses you.
You hit the endoplasm but do no damage.
The endoplasm is lightly wounded.
The endoplasm hits you.
You hit the endoplasm.
The endoplasm is almost dead.
The endoplasm freezes you.
You are frozen.
* * * LOW HITPOINT WARNING * * *
You completely miss the endoplasm.
The endoplasm is almost dead.
The endoplasm freezes you.
You are frozen.
You die...

##...# ..# #....###.#
#.#..#...# ##.#.....#
#..##....#
#.####..#..... ##.#
#..###.## ###..#
##...#.#
#J@.#####....#..#
#....#...............
#?.###.....##...##...
#?. #....>##...# #.
#. #.....##.### . ..
##...†.##.## .# .
#...#......###...
.....######........
.(.....###.......>.


You could see an endoplasm.

Vanquished Creatures
  A dart slug (D:1)
  2 bats (D:1)
  A kobold (D:1)
4 creatures vanquished.

Notes
Turn   | Place    | Note
-------+----------+-------------------------------------------
     0 | D:1      | IdlyInterested the Demonspawn Wanderer began the quest for
                  | the Orb.
     0 | D:1      | IdlyInterested set off with the following items: a +0 club,
                  | a scroll of fog, a +0 ring mail; and the following spells
                  | available to memorise: Apportation, Sublimation of Blood,
                  | Kiss of Death, Kindle Blastsparks, Animate Dead.
     0 | D:1      | Reached XP level 1. HP: 13/13 MP: 3/3
    86 | D:1      | Frozen to death by an endoplasm

Illustrated notes

Levels and vault maps discovered:
D:1:      lightli_arrival_flooded_house, layout_rooms, minmay_misc_feat_five,
          hangedman_glass_teeth

Action                   || total
-------------------------++-------
Melee: Club              ||    19
Armor: Ring mail         ||     7
Dodge: Dodged            ||    12

Table legend: (Time is in decaauts)
 A = Elapsed time spent in this place.
 B = Non-inter-level travel time spent in this place.
 C = Inter-level travel time spent in this place.
 D = Time resting spent in this place.
 E = Time spent auto-exploring this place.
 F = Levels seen in this place.
 G = Mean time per level.
                   A        B        C        D        E       F      G
               +--------+--------+--------+--------+--------+-----+--------+
         Total |     92 |     92 |      0 |     11 |     39 |   1 |   92.0 |
       Dungeon |     92 |     92 |      0 |     11 |     39 |   1 |   92.0 |
               +--------+--------+--------+--------+--------+-----+--------+

Top non-repeatable levels by time:
     D:1: 92 daAuts
